 Dungeon Crawl Stone Soup version 0.23.2-30-g0e89c35649 (webtiles) character file.

Game seed: 15646207833707032858

4333 diana the Carver (level 10, -4/91 HPs)
             Began as a Minotaur Gladiator on June 13, 2019.
             Was a Believer of Okawaru.
             Slain by an orc warrior
             ... wielding a +0 hand axe
              (13 damage)
             ... in a bailey.
             The game lasted 00:13:06 (7750 turns).

diana the Carver (Minotaur Gladiator)               Turns: 7750, Time: 00:13:08

Health: -4/91      AC: 13    Str: 21 (22) XL:     10   Next: 12%
Magic:  18/18      EV: 15    Int:  2 (5)  God:    Okawaru [**....]
Gold:   329        SH:  0    Dex: 19 (22) Spells: 9/9 levels left

rFire    . . .     SeeInvis .   a - +0 long sword
rCold    . . .     Gourm    .   (no shield)
rNeg     . . .     Faith    .   j - +0 chain mail
rPois    .         Spirit   .   (helmet restricted)
rElec    .         Reflect  .   (no cloak)
rCorr    .         Harm     .   r - +0 pair of gloves (curse)
MR       .....                  t - +0 pair of boots
Stlth    ..........             G - amulet of regeneration
HPRegen  0.65/turn              x - ring of magical power
MPRegen  0.16/turn              A - +5 ring of dexterity

@: confused, agile, marked
A: retaliatory headbutt, horns 2
a: Heroism, Renounce Religion


You were in a bailey.
You worshipped Okawaru.
Okawaru was pleased with you.
You were near starving.

You visited 2 branches of the dungeon, and saw 10 of its levels.
You also visited: Bailey.

You collected 329 gold pieces.

Inventory:

Hand Weapons
 a - a +0 long sword (weapon)
Missiles
 d - a throwing net (quivered)
 H - 3 tomahawks of returning
Armour
 b - a +0 leather armour
 c - a +0 hat
 j - a +0 chain mail (worn)
 r - a cursed +0 pair of gloves (worn)
 t - a +0 pair of boots (worn)
Jewellery
 x - a ring of magical power (left hand)
 A - a +5 ring of dexterity (right hand)
 G - an amulet of regeneration (around neck)
Wands
 p - a wand of iceblast (5)
Scrolls
 e - 4 scrolls of teleportation
 g - 5 scrolls of remove curse
 k - 2 scrolls of fear
 n - 2 scrolls of identify
 o - a scroll of blinking
 w - a scroll of fog {unknown}
 y - 2 scrolls of enchant weapon
 B - a scroll of random uselessness {unknown}
 D - a scroll of vulnerability {unknown}
 E - a scroll of enchant armour {unknown}
Potions
 h - 3 potions of haste
 i - 5 potions of flight
 l - 3 potions of curing
 m - a potion of ambrosia
 q - a potion of resistance {unknown}
 s - 2 potions of brilliance
 u - 3 potions of lignification
 v - a potion of heal wounds {unknown}
 z - 3 potions of agility
 C - a potion of might {unknown}
Comestibles
 f - 16 rations


   Skills:
 + Level 9.1 Fighting
 * Level 12.6 Long Blades
 - Level 2.0 Throwing
 - Level 8.5 Armour
 + Level 3.6 Dodging
 + Level 1.0 Invocations


You had 9 spell levels left.
You didn't know any spells.
Your spell library contained the following spells:

 Spells                   Type           Power        Failure   Level  Hunger
 Beastly Appendage        Tmut           #.....       99%         1    ##.....
 Corona                   Hex            #......      99%         1    ##.....
 Sting                    Conj/Pois      #...         99%         1    ##.....
 Ensorcelled Hibernation  Hex/Ice        #.....       100%        2    ###....
 Poisonous Vapours        Pois/Air       #.....       100%        2    ###....
 Sticks to Snakes         Tmut           #.......     100%        2    ###....
 Confuse                  Hex            #.......     100%        3    ####...
 Dazzling Spray           Conj/Hex       #.....       100%        3    ####...
 Mephitic Cloud           Conj/Pois/Air  #.......     100%        3    ####...
 Spider Form              Tmut/Pois      #.........   100%        3    ####...
 Tukima's Dance           Hex            #.......     100%        3    ####...
 Ice Form                 Ice/Tmut       #.......     100%        4    #####..
 Olgreb's Toxic Radiance  Pois           #.......     100%        4    #####..
 Blade Hands              Tmut           #.........   100%        5    ######.
 Venom Bolt               Conj/Pois      #.........   100%        5    ######.


Dungeon Overview and Level Annotations

Branches:
Dungeon (9/15)             Temple (1/1) D:6
   Lair: D:8-11         Orc: D:9-12

Altars:
Ashenzari
Cheibriados
Dithmenos
Elyvilon
Hepliaklqana
Kikubaaqudgha
Makhleb
Nemelex Xobeh
Okawaru
Ru
Sif Muna
Trog
Uskayaw
Vehumet
Wu Jian
Xom
Yredelemnul
Zin
The Shining One
Jiyva

Shops:
D:4 *   D:6 (


Innate Abilities, Weirdness & Mutations

You reflexively headbutt those who attack you in melee.
You have a pair of horns on your head.


Message History

You feel like a meek peon again.
You are near starving!
The orc knight hits you with a +0 war axe.
The orc warrior completely misses you.
Your chain mail prevents you from hitting the orc knight.
Your headbutt misses the orc knight.
The orc knight is moderately wounded.
Unknown command.
You closely miss the orc warrior. The orc knight misses you.
The orc warrior completely misses you.
The orc warrior hits you with a +0 hand axe!!
* * * LOW HITPOINT WARNING * * *
Unknown command.
You hit the orc knight but do no damage.
Your headbutt misses the orc knight.
The orc knight is moderately wounded.
The orc knight hits you with a +0 war axe!
* * * LOW HITPOINT WARNING * * *
The orc warrior hits you with a +0 hand axe!
You die...

.≈#
.≈.≈K
##≈)≈##
K≈.≈(
#≈)≈##
≈g≈K
##g##
##)oo##
#8go@8#
##.∩.##
##8##
###


You could see an orc knight, 2 orc warriors, 2 hobgoblins, a goblin and a
kobold.

Vanquished Creatures
  A centaur zombie (D:8)
  A hippogriff (D:8)
  A hungry ghost (D:8)
  Edmund (D:5)
  6 orc warriors
  A water moccasin (D:8)
  2 ice beasts (D:6)
  A black bear (D:8)
  6 ogres
  7 centaurs
  3 bullfrogs
  4 scorpions
  4 crimson imps
  3 hounds
  A jelly (D:6)
  10 orc priests
  4 orc wizards
  A bullfrog skeleton (D:8)
  A centaur skeleton (D:5)
  Ijyb (D:5)
  5 iguanas
  3 worker ants
  A worker ant zombie (D:5)
  5 gnolls
  12 adders
  A shadow imp (D:5)
  An adder zombie (D:6)
  An adder skeleton (D:7)
  A worm (D:5)
  3 dart slugs
  2 leopard geckos
  38 orcs
  A ball python (D:7)
  7 giant cockroaches
  7 goblins
  4 hobgoblins
  5 kobolds
  3 quokkas
  3 bats (D:1)
  3 frilled lizards
  A jackal skeleton (D:5)
  A leopard gecko skeleton (D:6)
  3 rats
170 creatures vanquished.

Vanquished Creatures (others)
  A plant (D:9)
1 creature vanquished.

Grand Total: 171 creatures vanquished

Notes
Turn   | Place    | Note
-------+----------+-------------------------------------------
     0 | D:1      | diana the Minotaur Gladiator began the quest for the Orb.
     0 | D:1      | Reached XP level 1. HP: 18/18 MP: 0/0
   359 | D:1      | Reached skill level 4 in Long Blades
   362 | D:1      | Reached XP level 2. HP: 25/25 MP: 1/1
   366 | D:1      | Reached skill level 1 in Armour
   685 | D:2      | Found a sacrificial altar of Ru.
  1263 | D:3      | Noticed a centaur
  1828 | D:3      | Reached XP level 3. HP: 31/31 MP: 2/2
  1873 | D:3      | Killed a centaur
  1873 | D:3      | Reached skill level 5 in Long Blades
  1873 | D:3      | Reached XP level 4. HP: 25/40 MP: 3/3
  1977 | D:3      | Found a glowing golden altar of the Shining One.
  2194 | D:4      | Reached XP level 5. HP: 46/46 MP: 4/4
  2359 | D:4      | Found Xuixkegg's General Store.
  2401 | D:4      | Reached skill level 6 in Long Blades
  2401 | D:4      | Reached XP level 6. HP: 48/52 MP: 5/5
  2752 | D:5      | Entered Level 5 of the Dungeon
  2776 | D:5      | Reached skill level 7 in Long Blades
  2920 | D:5      | Found a burning altar of Makhleb.
  3048 | D:5      | Noticed Ijyb
  3051 | D:5      | Reached XP level 7. HP: 60/60 MP: 6/6
  3060 | D:5      | Killed Ijyb
  3060 | D:5      | Reached skill level 5 in Fighting
  3223 | D:5      | Reached skill level 8 in Long Blades
  3285 | D:5      | Noticed Edmund
  3294 | D:5      | Killed Edmund
  3294 | D:5      | Reached skill level 5 in Armour
  3313 | D:5      | Reached XP level 8. HP: 55/70 MP: 7/7
  3469 | D:5      | Reached skill level 9 in Long Blades
  4324 | D:5      | Reached skill level 10 in Long Blades
  4426 | D:6      | Found a shadowy altar of Dithmenos.
  4436 | D:6      | Found Dunysh's Weapon Shop.
  4638 | D:6      | Found a staircase to the Ecumenical Temple.
  4663 | Temple   | Entered the Ecumenical Temple
  4768 | Temple   | Became a worshipper of Warmaster Okawaru
  4845 | D:5      | Reached XP level 9. HP: 42/79 MP: 8/8
  5593 | D:7      | Reached skill level 11 in Long Blades
  6313 | D:7      | Reached * piety under Okawaru
  6532 | D:8      | Paralysed by fainting for 8 turns
  6573 | D:8      | Found a shattered altar of Ashenzari.
  6573 | D:8      | Found a glowing silver altar of Zin.
  6575 | D:8      | Found a white marble altar of Elyvilon.
  6740 | D:8      | Reached ** piety under Okawaru
  6740 | D:8      | Reached skill level 12 in Long Blades
  7007 | D:8      | Found a hide-covered altar of Uskayaw.
  7274 | D:8      | Found an ornate altar of the Wu Jian Council.
  7289 | D:8      | Reached XP level 10. HP: 75/91 MP: 9/9
  7644 | D:9      | Found a flagged portal.
  7682 | Bailey   | Entered a bailey
  7718 | Bailey   | Noticed an orc knight
  7737 | Bailey   | Reached skill level 1 in Invocations
  7750 | Bailey   | Slain by an orc warrior

Skill      XL: |  1  2  3  4  5  6  7  8  9 10 |
---------------+-------------------------------+-----
Long Blades    | 4 5 6 7 8 10 12 | 12.6
Armour         | 1 2 3 4 5 6 8 |  8.5
Fighting       | 3 4 6 7 9 |  9.1
Invocations    | 1 |  1.0
Throwing       | |  2.0
Dodging        | |  3.6

Action                   |  1- 3 |  4- 6 |  7- 9 | 10-12 || total
-------------------------+-------+-------+-------+-------++-------
Melee: Long sword        |    59 |    98 |   323 |    50 ||   530
       Headbutt          |    10 |    17 |    85 |    11 ||   123
Throw: Throwing net      |       |       |       |     2 ||     2
Invok: Heroism           |       |       |     1 |     1 ||     2
Evoke: Wand              |       |       |       |     5 ||     5
  Use: Potion            |       |       |     2 |     3 ||     5
       Scroll            |       |       |     2 |     9 ||    11
  Eat: Chunk             |     2 |     4 |    14 |       ||    20
       Ration            |       |       |     1 |       ||     1
Armor: Leather armour    |     5 |       |       |       ||     5
       Chain mail        |    38 |    48 |   176 |    19 ||   281
Dodge: Dodged            |    32 |    55 |   137 |    35 ||   259
       Rpst.: Long sword |     6 |    12 |    35 |     5 ||    58
